 Dungeon Crawl Stone Soup version 0.27.1-1-g398f81649c (webtiles) character file.

Game seed: 4733208681434155650

2515 Destapler the Skirmisher (level 9, -6/88 HPs)
             Began as a Troll Berserker on Sept 14, 2021.
             Was an Elder of Trog.
             Mangled by a fire crab (shapeshifter) (10 damage)
             ... on level 7 of the Dungeon.
             The game lasted 00:09:50 (4678 turns).

Destapler the Skirmisher (Troll Berserker)          Turns: 4678, Time: 00:09:51

Health: -6/88      AC:  5    Str: 27    XL:     9   Next: 29%
Magic:  8/8        EV: 15    Int:  3    God:    Trog [****..]
Gold:   329        SH:  0    Dex: 14    Spells: 8/8 levels left

rFire    + . .     SeeInvis .   w - +2 quarterstaff of Wealth {chaos, rF+ Dex+2}
rCold    . . .     Faith    .   (shield currently unavailable)
rNeg     . . .     Spirit   .   b - +0 animal skin
rPois    .         Reflect  .   (helmet restricted)
rElec    .         Harm     .   h - +0 cloak
rCorr    .         Rampage  .   (gloves unavailable)
Will     ++...                  (boots unavailable)
Stlth    +.........             (no amulet)
HPRegen  2.24/turn              q - +4 ring of evasion
MPRegen  0.11/turn              (no ring)

@: strong-willed, on berserk cooldown, regenerating, slowed, very slow
A: large, unfitting armour, claws 3, regeneration 1, shaggy fur 1, tough skin 1
a: Renounce Religion, Berserk, Trog's Hand, Brothers in Arms


You were on level 7 of the Dungeon.
You worshipped Trog.
Trog was greatly pleased with you.
You visited 1 branch of the dungeon, and saw 8 of its levels.

You collected 329 gold pieces.

Inventory:

Hand Weapons
 a - a +0 mace
 w - the +2 quarterstaff of Wealth (weapon) {chaos, rF+ Dex+2}
   (You found it on level 5 of the Dungeon)

   Each time it hits an enemy it has a different, random effect.
   Dex:       It affects your dexterity (+2).
   rF:        It protects you from fire.
 B - a +2 whip of freezing
Missiles
 g - 25 poisoned darts (quivered)
 A - 5 large rocks
 C - a curare-tipped dart
Armour
 b - a +0 animal skin (worn)
 h - a +0 cloak (worn)
Jewellery
 q - a +4 ring of evasion (left claw)
Wands
 j - a wand of digging (3)
 u - a wand of mindburst (10)
Scrolls
 i - a scroll of holy word {unknown}
 n - 6 scrolls of identify {unknown}
 p - a scroll of blinking {unknown}
 s - a scroll of enchant weapon {unknown}
 t - a scroll of vulnerability {unknown}
 v - a scroll of noise {unknown}
 x - a scroll of torment {unknown}
 y - a scroll of amnesia {unknown}
 z - a scroll of enchant armour {unknown}
Potions
 c - a potion of lignification
 d - 3 potions of haste {unknown}
 e - 2 potions of degeneration {unknown}
 f - 3 potions of mutation {unknown}
 k - 4 potions of curing {unknown}
 l - a potion of brilliance {unknown}
 m - a potion of flight {unknown}
 o - a potion of heal wounds {unknown}
 r - a potion of ambrosia {unknown}


   Skills:
 + Level 5.1 Fighting
 - Level 3.1 Maces & Flails
 + Level 4.3 Throwing
 + Level 3.9 Armour
 + Level 5.0 Dodging
 + Level 3.9 Shields
 + Level 3.5 Evocations


You had 8 spell levels left.
You didn't know any spells.
Your spell library contained the following spells:

 Spells                   Type           Power      Damage    Failure   Level
 Summon Small Mammal      Summ           0%         N/A       52%         1
 Call Canine Familiar     Summ           0%         N/A       88%         3
 Gell's Gravitas          Tloc           0%         N/A       88%         3
 Lesser Beckoning         Tloc           0%         N/A       88%         3
 Summon Guardian Golem    Hex/Summ       0%         N/A       88%         3
 Teleport Other           Tloc           0%         N/A       88%         3


Dungeon Overview and Level Annotations

Branches:
Dungeon (8/15)
 Temple: D:4-7         Lair: D:8-11

Altars:
Cheibriados
Elyvilon
Ru
Trog
Uskayaw
Wu Jian


Innate Abilities, Weirdness & Mutations

You are too large for most types of armour.
You have claws for hands.
Your natural rate of healing is unusually fast.
You are covered in fur. (AC +1)
You have tough skin. (AC +1)


Message History

The shapeshifter changes into a fire crab!
Something hits you but does no damage.
Unknown command.
You thump the fire crab! You freeze the fire crab.
The fire crab is lightly wounded.
Something hits you but does no damage. The orc closely misses you.
Something hits you but does no damage.
You hit the fire crab but do no damage.
Space bends around the fire crab.
The fire crab is moderately wounded.
Something hits you.
* * * LOW HITPOINT WARNING * * *
The orc barely misses you. The fire crab breathes flames at you.
The blast of flame engulfs you but does no damage.
You resist.
Reactivating autopickup.
You feel a bit more experienced.
You sock the fire crab!
The fire crab is heavily wounded.
You are engulfed in blazing flames.
You resist.
* * * LOW HITPOINT WARNING * * *
The orc is engulfed in blazing flames.
The orc dies!
The fire crab barely misses you. The fire crab claws you.
* * * LOW HITPOINT WARNING * * *
You are engulfed in flames.
You resist.
* * * LOW HITPOINT WARNING * * *
You are engulfed in blazing flames.
You resist.
* * * LOW HITPOINT WARNING * * *
Things that are here:
a +0 dagger of speed; a +0 robe You feel a strong urge to attack something.
You are no longer berserk.
You are exhausted.
You feel yourself slow down. The fire crab bites you.
* * * LOW HITPOINT WARNING * * *
You are engulfed in flames!
You resist.
* * * LOW HITPOINT WARNING * * *
The fire crab claws you!
You die...

.. #.......##
##.......## ...
#.......(.# ...
#.........# ....
#.........#
.....####'######
.....##.?.....##.
........).)......
........@t)......
.................
.................
........$.....##.
...............#
.....##........#
..... #.......##
.... .........
.... ........#


You could see a fire crab shaped shifter.

Vanquished Creatures
  Pikel (D:6)
  A cyclops (D:6)
  Prince Ribbit (D:8)
  Sigmund (D:2)
  An orc warrior (D:5)
  An ogre (D:4)
  A lemure (D:6)
  A kobold brigand (D:6)
  2 bullfrogs
  3 scorpions
  A bullfrog zombie (D:5)
  2 hounds
  2 jellies
  3 orc priests
  A bullfrog skeleton (D:6)
  2 centaur skeletons (D:4)
  2 iguanas
  Ijyb (D:5)
  Natasha (thrice) (D:2)
  2 orc wizards (D:5)
  A killer bee zombie (D:3)
  A hound skeleton (D:4)
  A howler monkey skeleton (D:6)
  5 adders
  3 worms
  4 dart slugs
  13 orcs
  6 ball pythons
  13 endoplasms
  4 giant cockroaches
  8 hobgoblins
  16 kobolds
  6 quokkas
  3 bats
  4 frilled lizards
  8 goblins
  6 rats
134 creatures vanquished.

Vanquished Creatures (others)
  An orc wizard (D:7)
  An orc (D:7)
2 creatures vanquished.

Grand Total: 136 creatures vanquished

Notes
Turn   | Place    | Note
-------+----------+-------------------------------------------
     0 | D:1      | Destapler the Troll Berserker began the quest for the Orb.
     0 | D:1      | Reached XP level 1. HP: 22/22 MP: 0/0
   115 | D:1      | Reached XP level 2. HP: 25/29 MP: 1/1
   278 | D:1      | Found a faded altar of an unknown god.
   481 | D:1      | Reached ** piety under Trog
   679 | D:1      | Reached XP level 3. HP: 36/36 MP: 2/2
   883 | D:2      | Noticed Sigmund
   897 | D:2      | Killed Sigmund
   898 | D:2      | Reached skill level 1 in Throwing
   898 | D:2      | Reached skill level 1 in Armour
   898 | D:2      | Reached skill level 1 in Shields
   898 | D:2      | Reached skill level 1 in Evocations
   898 | D:2      | Reached XP level 4. HP: 19/45 MP: 3/3
   898 | D:2      | Reached XP level 5. HP: 22/53 MP: 4/4
  1128 | D:2      | Noticed Natasha
  1138 | D:2      | Killed Natasha
  1367 | D:2      | Noticed Natasha
  1373 | D:2      | Killed Natasha
  1374 | D:2      | Reached XP level 6. HP: 61/61 MP: 5/5
  1424 | D:2      | Noticed Natasha
  1430 | D:2      | Killed Natasha
  1542 | D:3      | Reached *** piety under Trog
  2533 | D:4      | Reached XP level 7. HP: 67/67 MP: 6/6
  2670 | D:4      | Found an ornate altar of the Wu Jian Council.
  2797 | D:4      | Found a sacrificial altar of Ru.
  2883 | D:5      | Entered Level 5 of the Dungeon
  3030 | D:5      | Noticed Ijyb
  3054 | D:5      | Killed Ijyb
  3275 | D:5      | Identified the +2 quarterstaff of Wealth {chaos, rF+ Dex+2}
  3319 | D:5      | Found a white marble altar of Elyvilon.
  3415 | D:5      | Found a bloodstained altar of Trog.
  3540 | D:5      | Reached XP level 8. HP: 57/78 MP: 7/7
  3543 | D:5      | Reached **** piety under Trog
  3844 | D:6      | Noticed a cyclops
  3853 | D:6      | Killed a cyclops
  3890 | D:6      | Found a snail-covered altar of Cheibriados.
  3918 | D:6      | Noticed Pikel
  3938 | D:6      | Killed Pikel
  3939 | D:6      | Reached XP level 9. HP: 87/87 MP: 8/8
  4188 | D:6      | Found a hide-covered altar of Uskayaw.
  4592 | D:6      | You fall into a shaft and drop 2 floors!
  4592 | D:8      | Noticed Prince Ribbit
  4621 | D:8      | Killed Prince Ribbit
  4622 | D:8      | Reached skill level 5 in Fighting
  4622 | D:8      | Reached skill level 5 in Dodging
  4672 | D:7      | Noticed a fire crab
  4672 | D:7      | a shapeshifter changed into a fire crab
  4678 | D:7      | HP: 4/88 [fire crab (shapeshifter) (7)]
  4678 | D:7      | Mangled by a fire crab (shapeshifter)

Illustrated notes

Levels and vault maps discovered:
D:1:      eino_arrival_tree_alley, layout_basic,
          shapermc_ecumenical_altar_totnotflames
D:2:      layout_rooms, minmay_misc_feat_tower, uniq_sigmund, uniq_natasha
D:3:      minmay_inner_zag, layout_basic, nrook_campfire
D:4:      layout_cave_pools, nicolae_ru_the_path_less_chosen,
          nicolae_wu_jian_immortal_techniques
D:5:      layout_gridville, trog_book, elyvilon_altar_4,
          kennysheep_another_room, kennysheep_generic_room_16, uniq_ijyb
D:6:      layout_cave_pods, kennysheep_slug_shrine, nicolae_uskayaw_suspiria,
          uniq_pikel
D:7:      layout_gridville, grunt_temple_overflow_champion_of_chaos,
          minmay_temple_entry_hall, chequers_garden, minmay_unpleasant_kobolds
D:8:      layout_layer_cave, lemuel_zombie_altar_yredelemnul,
          lemuel_crystal_altar, uniq_prince_ribbit1

Skill      XL: |  1  2  3  4  5  6  7  8  9 |
---------------+----------------------------+-----
Maces & Flails | 3 |  3.1
Fighting       | 3 4 5 |  5.1
Throwing       | 1 2 4 |  4.3
Armour         | 1 2 3 |  3.9
Dodging        | 3 4 5 |  5.0
Shields        | 1 2 3 |  3.9
Evocations     | 1 2 3 |  3.5

Action                   |  1- 3 |  4- 6 |  7- 9 || total
-------------------------+-------+-------+-------++-------
Melee: Mace              |    84 |    13 |       ||    97
       Unarmed           |       |   141 |   102 ||   243
       Quarterstaff      |       |       |   114 ||   114
Throw: Dart              |       |    27 |    19 ||    46
Invok: Berserk           |     1 |     2 |     7 ||    10
       Trog's Hand       |       |       |     2 ||     2
  Use: Potion            |     1 |       |       ||     1
 Stab: Sleeping          |       |     1 |     2 ||     3
       Confused          |       |       |     1 ||     1
Armor: Animal skin       |    33 |    53 |    90 ||   176
       Skin              |     3 |       |       ||     3
Dodge: Dodged            |    36 |    60 |   256 ||   352
